PUB
KINUSO BLUES @ LOUISVILLE REDBIRDS
05/16/1972
 
TOP OF THE 1ST
Kinuso Blues batting - Pitching for Louisville Redbirds : RHP Curt Baker
Pitching: RHP Curt Baker
Batting: LHB Ricardo Vivo 0-0: Ball
1-0: Foul Ball, location: 3SF
1-1: Ball
2-1: Called Strike
2-2: Ball
3-2: DOUBLE (Line Drive, 9LS, EV 107.5 MPH)
Batting: LHB Von Joshua 0-0: Called Strike
0-1: Swinging Strike
0-2: Strikes out swinging
Batting: LHB John Heller 0-0: Ball
1-0: Foul Ball, location: 25F
1-1: Swinging Strike
1-2: Foul Ball, location: 2F
1-2: Ball
2-2: 2-RUN HOME RUN (Flyball, 9D, EV 94.4 MPH), Distance : 359 ft
Batting: SHB Ken Henderson 0-0: Ball
1-0: Foul Ball, location: 2F
1-1: Foul Ball, location: 23F
1-2: Foul Ball, location: 23FF
1-2: Ball
2-2: Fly out, F9 (Flyball, 9D, EV 98.8 MPH)
Batting: RHB Thurman Munson 0-0: Ball
1-0: SINGLE (Groundball, 56D, EV 102.5 MPH)
Batting: RHB Bob Jenkins 0-0: Ball
1-0: Called Strike
1-1: Swinging Strike
1-2: Foul Ball, location: 2F
1-2: Ball
2-2: Strikes out looking
Top of the 1st over - 2 runs, 3 hits, 0 errors, 1 left on base; Kinuso 2 - Louisville 0
BOTTOM OF THE 1ST
Louisville Redbirds batting - Pitching for Kinuso Blues : RHP Terry Stabler
Pitching: RHP Terry Stabler
Batting: RHB Richard Fields 0-0: Ball
1-0: Swinging Strike
1-1: Swinging Strike
1-2: Ball
2-2: Foul Ball, location: 2F
2-2: Ball
3-2: Strikes out swinging
Batting: RHB Daniel Ruíz 0-0: Foul Ball, location: 2F
0-1: Ball
1-1: Fly out, F8 (Line Drive, 8RD, EV 90.0 MPH)
Batting: LHB Reggie Jackson 0-0: Ground out 5-3 (Groundball, 56, EV 100.6 MPH)
Bottom of the 1st over - 0 runs, 0 hits, 0 errors, 0 left on base; Kinuso 2 - Louisville 0
TOP OF THE 2ND
Kinuso Blues batting - Pitching for Louisville Redbirds : RHP Curt Baker
Batting: RHB Manabu Azuma 0-0: Ball
1-0: Called Strike
1-1: Ground out 5-3 (Groundball, 56S, EV 93.8 MPH)
Batting: RHB Steve Powell 0-0: Ball
1-0: SINGLE (Line Drive, 89M, EV 94.4 MPH)
Batting: RHB Terry Stabler 0-0: Called Strike
0-1: Bunted foul
0-2: Sac Bunt to P - play at first, batter OUT! 1-3
Steve Powell to second
Batting: LHB Ricardo Vivo 0-0: Foul Ball, location: 2F
0-1: Ball
1-1: Swinging Strike
1-2: Foul Ball, location: 2LF
1-2: Foul Ball, location: 3DF
1-2: Foul Ball, location: 7LDF
1-2: Foul Ball, location: 2F
1-2: Strikes out swinging
Top of the 2nd over - 0 runs, 1 hit, 0 errors, 1 left on base; Kinuso 2 - Louisville 0
BOTTOM OF THE 2ND
Louisville Redbirds batting - Pitching for Kinuso Blues : RHP Terry Stabler
Batting: RHB Chet Small 0-0: Called Strike
0-1: Foul Ball, location: 2F
0-2: Ball
1-2: SINGLE (Groundball, P, EV 90.6 MPH) (infield hit)
Batting: LHB Kerry Thomas 0-0: Ball
1-0: Ball
2-0: Called Strike
2-1: SINGLE (Groundball, 6MD, EV 100.6 MPH)
Chet Small to second
Batting: LHB Richie Hebner 0-0: Bunted foul
0-1: Sac Bunt to 15 - play at first, batter OUT! 1-4
Chet Small to third
Kerry Thomas to second
Batting: RHB Alan Sims 0-0: Swinging Strike
0-1: Ground out 4-3 (Groundball, 4, EV 87.5 MPH)
Chet Small scores
Kerry Thomas to third
Batting: RHB Carlton Fisk 0-0: Ball
1-0: Ball
2-0: Called Strike
2-1: Ball
3-1: Ground out 1-3 (Groundball, 13S, EV 68.1 MPH)
Bottom of the 2nd over - 1 run, 2 hits, 0 errors, 1 left on base; Kinuso 2 - Louisville 1
TOP OF THE 3RD
Kinuso Blues batting - Pitching for Louisville Redbirds : RHP Curt Baker
Batting: LHB Von Joshua 0-0: Ball
1-0: Ball
2-0: Foul Ball, location: 7LSF
2-1: Fly out, F8 (Flyball, 8LD, EV 73.1 MPH)
Batting: LHB John Heller 0-0: Called Strike
0-1: Swinging Strike
0-2: Foul Ball, location: 7LSF
0-2: SINGLE (Groundball, 34D, EV 105.0 MPH)
Batting: SHB Ken Henderson 0-0: Foul Ball, location: 23F
0-1: Ball
1-1: Foul Ball, location: 2F
1-2: Ball
2-2: Ball
3-2: Ground out 4-3 (Groundball, 34, EV 100.0 MPH)
John Heller to second
Batting: RHB Thurman Munson 0-0: Called Strike
0-1: Foul Ball, location: 2F
0-2: Ball
1-2: Foul Ball, location: 9LMF
1-2: Ball
2-2: Strikes out swinging
Top of the 3rd over - 0 runs, 1 hit, 0 errors, 1 left on base; Kinuso 2 - Louisville 1
BOTTOM OF THE 3RD
Louisville Redbirds batting - Pitching for Kinuso Blues : RHP Terry Stabler
Batting: RHB Curt Baker 0-0: Ball
1-0: Called Strike
1-1: Foul Ball, location: 3F
1-2: Ball
2-2: Ball
3-2: Ground out 6-3 (Groundball, 6S, EV 93.1 MPH)
Batting: RHB Richard Fields 0-0: Foul Ball, location: 2F
0-1: Ball
1-1: Called Strike
1-2: Strikes out looking
Batting: RHB Daniel Ruíz 0-0: Ball
1-0: Ball
2-0: Called Strike
2-1: Foul Ball, location: 2F
2-2: Foul Ball, location: 2F
2-2: Ball
3-2: Foul Ball, location: 2F
3-2: Base on Balls
Batting: LHB Reggie Jackson 0-0: Called Strike
0-1: Swinging Strike
0-2: Ball
1-2: Ball
2-2: Ball
3-2: Foul Ball, location: 2RF
3-2: Strikes out swinging
Bottom of the 3rd over - 0 runs, 0 hits, 0 errors, 1 left on base; Kinuso 2 - Louisville 1
TOP OF THE 4TH
Kinuso Blues batting - Pitching for Louisville Redbirds : RHP Curt Baker
Batting: RHB Bob Jenkins 0-0: Foul Ball, location: 23F
0-1: Ground out 5-3 (Groundball, 56, EV 78.8 MPH)
Batting: RHB Manabu Azuma 0-0: Called Strike
0-1: Foul Ball, location: 5SF
0-2: Strikes out swinging
Batting: RHB Steve Powell 0-0: Ball
1-0: Ball
2-0: Called Strike
2-1: Foul Ball, location: 5DF
2-2: Ball
3-2: Fly out, F5 (Line Drive, 5, EV 67.5 MPH)
Top of the 4th over - 0 runs, 0 hits, 0 errors, 0 left on base; Kinuso 2 - Louisville 1
BOTTOM OF THE 4TH
Louisville Redbirds batting - Pitching for Kinuso Blues : RHP Terry Stabler
Batting: RHB Chet Small 0-0: Swinging Strike
0-1: Ball
1-1: Called Strike
1-2: Foul Ball, location: 9LSF
1-2: Ball
2-2: Strikes out swinging
Batting: LHB Kerry Thomas 0-0: Ball
1-0: Called Strike
1-1: Foul Ball, location: 25FF
1-2: Hit by Pitch
Batting: LHB Richie Hebner 0-0: Ball
1-0: Called Strike
1-1: Ball
2-1: Foul Ball, location: 23F
2-2: Ball
3-2: SINGLE (Line Drive, 34, EV 96.3 MPH)
Kerry Thomas to second
Batting: RHB Alan Sims 0-0: Called Strike
0-1: Swinging Strike
0-2: SINGLE (Groundball, 4S, EV 72.5 MPH) (infield hit)
Kerry Thomas to third
Richie Hebner to second
Batting: RHB Carlton Fisk 0-0: Hit by Pitch
Kerry Thomas scores
Richie Hebner to third
Alan Sims to second
Batting: RHB Curt Baker 0-0: Fly out, F8 (Flyball, 8LD, EV 90.6 MPH)
Runner from 3rd tags up, OUT at HOME! 8-2
Bottom of the 4th over - 1 run, 2 hits, 0 errors, 2 left on base; Kinuso 2 - Louisville 2
TOP OF THE 5TH
Kinuso Blues batting - Pitching for Louisville Redbirds : RHP Curt Baker
Batting: RHB Terry Stabler 0-0: Called Strike
0-1: Called Strike
0-2: Ground out 3-1 (Groundball, 34S, EV 63.1 MPH)
Batting: LHB Ricardo Vivo 0-0: Ground out 4-3 (Groundball, 4, EV 84.4 MPH)
Batting: LHB Von Joshua 0-0: Foul Ball, location: 2F
0-1: Ball
1-1: Ball
2-1: Swinging Strike
2-2: Strikes out swinging
Top of the 5th over - 0 runs, 0 hits, 0 errors, 0 left on base; Kinuso 2 - Louisville 2
BOTTOM OF THE 5TH
Louisville Redbirds batting - Pitching for Kinuso Blues : RHP Terry Stabler
Batting: RHB Richard Fields 0-0: Ball
1-0: Foul Ball, location: 2F
1-1: Swinging Strike
1-2: Foul Ball, location: 3DF
1-2: Fly out, F8 (Flyball, 8RD, EV 103.1 MPH)
Batting: RHB Daniel Ruíz 0-0: Called Strike
0-1: Swinging Strike
0-2: Strikes out swinging
Batting: LHB Reggie Jackson 0-0: Ball
1-0: Foul Ball, location: 2F
1-1: Ball
2-1: Foul Ball, location: 25FF
2-2: Ball
3-2: SINGLE (Line Drive, 56D, EV 100.0 MPH)
Batting: RHB Chet Small 0-0: Swinging Strike
0-1: Called Strike
0-2: Ball
1-2: Foul Ball, location: 5FF
1-2: Foul Ball, location: 2LF
1-2: SINGLE (Line Drive, 9LS, EV 98.8 MPH)
Reggie Jackson to second
Batting: LHB Kerry Thomas 0-0: Called Strike
0-1: Ball
1-1: Fly out, F8 (Flyball, 78D, EV 96.3 MPH)
Bottom of the 5th over - 0 runs, 2 hits, 0 errors, 2 left on base; Kinuso 2 - Louisville 2
TOP OF THE 6TH
Kinuso Blues batting - Pitching for Louisville Redbirds : RHP Curt Baker
Batting: LHB John Heller 0-0: Called Strike
0-1: Foul Ball, location: 5F
0-2: Ball
1-2: DOUBLE (Line Drive, 89D, EV 100.6 MPH)
Batting: SHB Ken Henderson 0-0: Called Strike
0-1: Ball
1-1: SINGLE (Line Drive, 8RS, EV 91.3 MPH)
John Heller to third
Batting: RHB Thurman Munson 0-0: Foul Ball, location: 2F
0-1: Fielders Choice attempt at home, Runner SAFE. 4-2 (Groundball, 34, EV 106.9 MPH)
Ken Henderson to second
Batting: RHB Bob Jenkins 0-0: Ball
1-0: Called Strike
1-1: Ball
2-1: Ball
3-1: Fly out, F8 (Flyball, 8LM, EV 91.9 MPH)
Batting: RHB Manabu Azuma 0-0: Swinging Strike
0-1: Foul Ball, location: 2F
0-2: Ball
1-2: Foul Ball, location: 2F
1-2: Ball
2-2: Foul Ball, location: 23F
2-2: Strikes out looking
Batting: RHB Steve Powell 0-0: Called Strike
0-1: Swinging Strike
0-2: Ball
1-2: Strikes out swinging
Top of the 6th over - 1 run, 2 hits, 0 errors, 2 left on base; Kinuso 3 - Louisville 2
BOTTOM OF THE 6TH
Louisville Redbirds batting - Pitching for Kinuso Blues : RHP Terry Stabler
Batting: LHB Richie Hebner 0-0: Called Strike
0-1: Called Strike
0-2: TRIPLE (Groundball, 3L, EV 106.3 MPH)
Batting: RHB Alan Sims 0-0: Ball
1-0: Foul Ball, location: 2F
1-1: Foul Ball, location: 3F
1-2: SINGLE (Groundball, 6M, EV 80.0 MPH)
Richie Hebner scores
Batting: RHB Carlton Fisk 0-0: Ball
1-0: Grounds into double play, 6-4-3 (Groundball, 6, EV 89.4 MPH)
Batting: RHB Curt Baker 0-0: Ball
1-0: Foul Ball, location: 7LMF
1-1: Called Strike
1-2: Strikes out swinging
Bottom of the 6th over - 1 run, 2 hits, 0 errors, 0 left on base; Kinuso 3 - Louisville 3
TOP OF THE 7TH
Kinuso Blues batting - Pitching for Louisville Redbirds : RHP Curt Baker
Batting: RHB Terry Stabler 0-0: Ground out 6-3 (Groundball, 6, EV 79.4 MPH)
Batting: LHB Ricardo Vivo 0-0: Called Strike
0-1: Swinging Strike
0-2: Foul Ball, location: 25F
0-2: Ball
1-2: Foul Ball, location: 7LDF
1-2: Ball
2-2: Foul Ball, location: 25FF
2-2: TRIPLE (Line Drive, 89XD, EV 109.4 MPH)
Batting: LHB Von Joshua 0-0: Ball
1-0: Ball
2-0: Ground out 6-3 (Groundball, 6, EV 90.6 MPH)
Batting: LHB John Heller 0-0: Called Strike
0-1: Swinging Strike
0-2: Foul Ball, location: 2F
0-2: Ball
1-2: Ball
2-2: Ball
3-2: Foul Ball, location: 3DF
3-2: Base on Balls
Batting: SHB Ken Henderson 0-0: Called Strike
0-1: Called Strike
0-2: Ball
1-2: Ball
2-2: Ball
3-2: Base on Balls
John Heller to second
Batting: RHB Thurman Munson 0-0: Ball
1-0: Called Strike
1-1: Foul Ball, location: 5F
1-2: DOUBLE (Flyball, 8RXD, EV 108.8 MPH)
Ricardo Vivo scores
John Heller scores
Ken Henderson to third
Pitching: RHP Melvin Hudson
Batting: RHB Bob Jenkins 0-0: Foul Ball, location: 2F
0-1: Called Strike
0-2: Ground out 5-3 (Groundball, 56S, EV 86.9 MPH)
Top of the 7th over - 2 runs, 2 hits, 0 errors, 2 left on base; Kinuso 5 - Louisville 3
BOTTOM OF THE 7TH
Louisville Redbirds batting - Pitching for Kinuso Blues : RHP Terry Stabler
Batting: RHB Richard Fields 0-0: Ball
1-0: Foul Ball, location: 25F
1-1: Ball
2-1: Fly out, F7 (Flyball, 7S, EV 96.3 MPH)
Batting: RHB Daniel Ruíz 0-0: Ball
1-0: SINGLE (Groundball, 56D, EV 99.4 MPH)
Batting: LHB Reggie Jackson 0-0: Ball
1-0: Ball
2-0: Called Strike
2-1: Ball
3-1: Base on Balls
Daniel Ruíz to second
Batting: RHB Chet Small 0-0: Ball
1-0: Fly out, F8 (Flyball, 8RD, EV 100.6 MPH)
Batting: LHB Kerry Thomas 0-0: Called Strike
0-1: Ball
1-1: Ball
2-1: Foul Ball, location: 7LMF
2-2: Ball
3-2: Ground out 5-3 (Groundball, 56, EV 90.6 MPH)
Bottom of the 7th over - 0 runs, 1 hit, 0 errors, 2 left on base; Kinuso 5 - Louisville 3
TOP OF THE 8TH
Kinuso Blues batting - Pitching for Louisville Redbirds : RHP Melvin Hudson
Batting: RHB Manabu Azuma 0-0: Called Strike
0-1: Ball
1-1: Ball
2-1: Called Strike
2-2: Ball
3-2: SINGLE (Line Drive, 78S, EV 91.3 MPH)
Batting: RHB Steve Powell 0-0: Ball
1-0: Ball
Manabu Azuma steals 2nd base
2-0: Bunted foul
2-1: Sac Bunt to 25 - play at third, runner OUT! 5-6
Pinch Hitting: LHB Robby Burgess 0-0: Swinging Strike
0-1: Grounds into double play, 4-6-3 (Groundball, 4, EV 110.6 MPH)
Top of the 8th over - 0 runs, 1 hit, 0 errors, 0 left on base; Kinuso 5 - Louisville 3
BOTTOM OF THE 8TH
Louisville Redbirds batting - Pitching for Kinuso Blues : RHP Terry Stabler
Pitching: LHP Ken Brett
Batting: LHB Richie Hebner 0-0: Ball
1-0: SINGLE (Line Drive, 56D, EV 95.0 MPH)
Batting: RHB Alan Sims 0-0: Ball
1-0: Ball
2-0: Ball
3-0: Called Strike
3-1: Base on Balls
Richie Hebner to second
Batting: RHB Carlton Fisk 0-0: Ball
1-0: Called Strike
1-1: Grounds into double play, 5-4-3 (Groundball, 5, EV 79.4 MPH)
Richie Hebner to third
Pinch Hitting: RHB Martin Horn 0-0: Swinging Strike
0-1: Ball
1-1: Ball
2-1: Ball
3-1: Base on Balls
Batting: RHB Richard Fields 0-0: Ball
1-0: Ball
2-0: Called Strike
2-1: Ground out 4-3 (Groundball, 4M, EV 101.9 MPH)
Bottom of the 8th over - 0 runs, 1 hit, 0 errors, 2 left on base; Kinuso 5 - Louisville 3
TOP OF THE 9TH
Kinuso Blues batting - Pitching for Louisville Redbirds : RHP Melvin Hudson
Pitching: RHP Ken Tatum
Batting: LHB Ricardo Vivo 0-0: Swinging Strike
0-1: Ball
1-1: Ball
2-1: Swinging Strike
2-2: DOUBLE (Groundball, 5L, EV 94.4 MPH)
Batting: LHB Von Joshua 0-0: Ball
1-0: SINGLE (Groundball, 3S, EV 69.4 MPH) (infield hit)
Ricardo Vivo to third
Batting: LHB John Heller 0-0: Called Strike
0-1: Ball
1-1: Ball
2-1: Foul Ball, location: 2F
2-2: Foul Ball, location: 2F
2-2: Ball
3-2: Foul Ball, location: 23F
3-2: Grounds into double play, 4-6-3 (Groundball, 4, EV 101.3 MPH)
Ricardo Vivo scores
Batting: SHB Ken Henderson 0-0: Called Strike
0-1: Ball
1-1: Foul Ball, location: 3F
1-2: Ball
2-2: Ball
3-2: Base on Balls
Batting: RHB Thurman Munson 0-0: Ball
1-0: Ball
Ken Henderson is caught stealing 2nd base 2-4
Top of the 9th over - 1 run, 2 hits, 0 errors, 0 left on base; Kinuso 6 - Louisville 3
BOTTOM OF THE 9TH
Louisville Redbirds batting - Pitching for Kinuso Blues : LHP Ken Brett
Batting: RHB Daniel Ruíz 0-0: Foul Ball, location: 23F
0-1: Foul Ball, location: 5FF
0-2: Ball
1-2: Strikes out swinging
Pinch Hitting: RHB Neal Booth 0-0: Ball
1-0: Foul Ball, location: 9LDF
1-1: Ball
2-1: Ground out 3-1 (Groundball, 34, EV 83.1 MPH)
Batting: RHB Chet Small 0-0: Ball
1-0: Called Strike
1-1: SINGLE (Flyball, 3D, EV 88.1 MPH) - OUT at second base trying to stretch hit.
Bottom of the 9th over - 0 runs, 1 hit, 0 errors, 0 left on base; Kinuso 6 - Louisville 3
Friday, March 15th , 2024 - OOTP Baseball 24.8 Build 75